 Dungeon Crawl Stone Soup version 0.28-a0-697-g47f3eba078 (webtiles) character file.

Game seed: 64552023200839772

280 tatocazan the Skirmisher (level 6, 48/48 HPs)
             Began as a Demonspawn Fighter on Oct 23, 2021.
             Was a Follower of Uskayaw.
             Quit the game on level 4 of the Dungeon.
             The game lasted 00:04:36 (4128 turns).

tatocazan the Skirmisher (Demonspawn Fighter)       Turns: 4128, Time: 00:04:37

Health: 48/48      AC: 11    Str: 17    XL:     6   Next: 5%
Magic:  7/7        EV:  7    Int:  9    God:    Uskayaw [*.....]
Gold:   88         SH:  5    Dex: 14    Spells: 5/5 levels left

rFire   . . .      SeeInvis .   r - +4 hand axe of Ofrocw {flame, rPois rCorr Str-2 Dex+2}
rCold   . . .      Faith    .   c - +0 buckler
rNeg    . . .      Spirit   .   i - +0 plate armour
rPois   +          Reflect  .   (helmet restricted)
rElec   .          Harm     .   (no cloak)
rCorr   +          Rampage  .   (no gloves)
Will    .....                   (no boots)
Stlth   ..........              (no amulet)
HPRegen 0.16/turn               l - ring of resist corrosion
MPRegen 0.20/turn               (no ring)

@: no status effects
A: horns 1, repulsion field 1, powered by death 1, magic regeneration
a: Renounce Religion, Stomp


You were on level 4 of the Dungeon.
You worshipped Uskayaw.
Uskayaw was noncommittal.
You visited 1 branch of the dungeon, and saw 5 of its levels.

You collected 88 gold pieces.

Inventory:

Hand Weapons
 a - a +0 war axe
 f - a +0 spear of venom
 r - the +4 hand axe of Ofrocw (weapon) {flame, rPois rCorr Str-2 Dex+2}
   (You found it on level 4 of the Dungeon)

   It burns those it strikes, dealing additional fire damage.
   Big, fiery blades are also staple armaments of hydra-hunters.
   Str:       It affects your strength (-2).
   Dex:       It affects your dexterity (+2).
   rPois:     It protects you from poison.
   rCorr:     It protects you from acid and corrosion.
Missiles
 n - a throwing net (quivered)
Armour
 b - a +0 scale mail
 c - a +0 buckler (worn)
 e - a +0 chain mail
 i - a +0 plate armour (worn)
Jewellery
 l - a ring of resist corrosion (left hand)
Scrolls
 g - 5 scrolls of teleportation {unknown}
 h - a scroll of magic mapping {unknown}
 j - 2 scrolls of enchant weapon {unknown}
 k - a scroll of holy word {unknown}
 m - a scroll of fear {unknown}
 s - a scroll of identify {unknown}
 t - a scroll of immolation {unknown}
Potions
 d - 2 potions of might
 o - a potion of curing {unknown}
 p - 2 potions of mutation {unknown}
 q - a potion of invisibility {unknown}
 u - a potion of lignification {unknown}


   Skills:
 + Level 4.0 Fighting
 * Level 3.4 Axes
 + Level 3.7 Armour
 + Level 3.6 Shields
 + Level 1.9 Invocations


You had 5 spell levels left.
You didn't know any spells.
Your spell library was empty.

Dungeon Overview and Level Annotations

Branches:
Dungeon (5/15)
 Temple: D:4-7

Altars:
Uskayaw


Innate Abilities, Weirdness & Mutations

You have a pair of small horns on your head.
You are surrounded by a mild repulsion field. (EV +2)
You regenerate a little health from kills.
You regenerate magic rapidly.


Message History

Your plate armour prevents you from hitting the orc priest.
You headbutt the orc priest, but do no damage.
The orc priest hits you with a +0 hand axe.
You take 1 damage, and have 40/42 hp.
You hit the orc priest but do no damage.
The orc priest barely misses you. You block the orc priest's attack.
You hit the orc priest. You burn the orc priest.
The orc priest is moderately wounded.
You block the orc priest's attack.
You completely miss the orc priest.
You headbutt the orc priest, but do no damage.
The orc priest is moderately wounded.
The orc priest hits you but does no damage.
You hit the orc priest but do no damage.
The orc priest is moderately wounded.
The orc priest hits you with a +0 hand axe.
You take 4 damage, and have 36/42 hp.
You slash the orc priest! You burn the orc priest.
You kill the orc priest!
You can now pass through a line of other dancers.
You have reached level 6!
Your experience leads to an increase in your attributes!
Your base attributes are Str 18, Int 9, Dex 12.
Increase (S)trength, (I)ntelligence, or (D)exterity?
You feel stronger.
Your demonic ancestry asserts itself...
Your magic begins to regenerate rapidly.
You regained 5 hp, and now have 41/48 hp.
MP restored: 7 You start resting.
You can no longer pass through a line of other dancers.
HP restored.
Health restored: 48 You start waiting.
s - a scroll labelled NELUPT TIP MIN
Items here: )) [[ รท.
t - a scroll labelled WOCUNE URATRO
Found a buckler.
Found a stone staircase leading up.
u - a pink potion Are you sure you want to abandon this character and quit the game? (Confirm with "yes".)

......# ......# ......#
......# ......# ....).#
. ......# .<. ......#
#######.....
##[.>.####+##...@.......
........................
.###.........>.....#+###
.#.................#
.#.###.............#
...#...............#
...#..#######......#
...... +[.....# ......
#......#


There were no monsters in sight!

Vanquished Creatures
  A hound (D:4)
  An orc priest (D:4)
  An orc wizard (D:3)
  5 adders
  6 gnolls (D:3)
  A worm (D:2)
  3 dart slugs
  10 orcs
  4 ball pythons
  6 endoplasms
  2 giant cockroaches
  5 goblins
  6 hobgoblins
  7 jackals
  A quokka (D:3)
  4 bats
  2 frilled lizards
  8 kobolds
  6 rats
79 creatures vanquished.

Notes
Turn   | Place    | Note
-------+----------+-------------------------------------------
     0 | D:1      | tatocazan the Demonspawn Fighter began the quest for the
                  | Orb.
     0 | D:1      | Reached XP level 1. HP: 18/18 MP: 1/1
   195 | D:1      | Gained mutation: You are surrounded by a mild repulsion
                  | field. (EV +2) [demonic ancestry]
   195 | D:1      | Reached XP level 2. HP: 19/24 MP: 2/2
   783 | D:1      | Gained mutation: You have a pair of small horns on your
                  | head. [demonic ancestry]
   783 | D:1      | Reached XP level 3. HP: 29/29 MP: 3/3
  1054 | D:2      | Found a faded altar of an unknown god.
  1571 | D:2      | Reached XP level 4. HP: 35/35 MP: 4/4
  2408 | D:3      | Found a hide-covered altar of Uskayaw.
  2460 | D:3      | Became a worshipper of Uskayaw the Reveller
  2464 | D:3      | Reached * piety under Uskayaw
  2468 | D:3      | Reached ** piety under Uskayaw
  2793 | D:3      | Reached *** piety under Uskayaw
  2801 | D:3      | Reached skill level 1 in Invocations
  2886 | D:3      | Gained mutation: You regenerate a little health from kills.
                  | [demonic ancestry]
  2886 | D:3      | Reached XP level 5. HP: 42/42 MP: 5/5
  3764 | D:4      | Reached skill level 4 in Fighting
  3780 | D:4      | Identified the +4 hand axe of Ofrocw {flame, rPois rCorr
                  | Str-2 Dex+2}
  3837 | D:5      | Entered Level 5 of the Dungeon
  3975 | D:4      | Gained mutation: You regenerate magic rapidly. [demonic
                  | ancestry]
  3975 | D:4      | Reached XP level 6. HP: 41/48 MP: 7/7
  4128 | D:4      | Quit the game

Illustrated notes

Levels and vault maps discovered:
D:1:      roderic_octagonal_star, layout_rooms
D:2:      layout_basic, chequers_ecumenical_altar_simple
D:3:      layout_basic, nicolae_uskayaw_suspiria
D:4:      layout_gridville, minmay_temple_entry_wispy, corexii_leaking_fountain,
          hangedman_abyss_or_decor_stabs
D:5:      layout_basic, chequers_temple_overflow_minitemple

Skill      XL: |  1  2  3  4  5 |
---------------+----------------+-----
Axes           | 2 3 |  3.4
Armour         | 3 |  3.7
Shields        | 3 |  3.6
Invocations    | 1 |  1.9
Fighting       | 4 |  4.0

Action                   |  1- 3 |  4- 6 || total
-------------------------+-------+-------++-------
Melee: Spear             |    97 |   128 ||   225
       War axe           |     7 |       ||     7
       Headbutt          |     2 |    19 ||    21
       Hand axe          |       |    17 ||    17
Armor: Chain mail        |    23 |       ||    23
       Scale mail        |     2 |       ||     2
       Plate armour      |    19 |    69 ||    88
Dodge: Dodged            |    26 |    39 ||    65
Block: Buckler           |    13 |    24 ||    37

Table legend: (Time is in decaauts)
 A = Elapsed time spent in this place.
 B = Non-inter-level travel time spent in this place.
 C = Inter-level travel time spent in this place.
 D = Time resting spent in this place.
 E = Time spent auto-exploring this place.
 F = Levels seen in this place.
 G = Mean time per level.
                   A        B        C        D        E       F      G
               +--------+--------+--------+--------+--------+-----+--------+
         Total |   4141 |   4042 |     99 |   1283 |   2179 |   5 |  828.2 |
       Dungeon |   4141 |   4042 |     99 |   1283 |   2179 |   5 |  828.2 |
               +--------+--------+--------+--------+--------+-----+--------+

Top non-repeatable levels by time:
     D:2: 1430 daAuts
     D:3: 1397 daAuts
     D:1: 857 daAuts
     D:4: 330 daAuts
     D:5: 126 daAuts
